 Dungeon Crawl Stone Soup version 0.32-a0-20-ge526923d97 (webtiles) character file.

Game seed: 9740235963625043078

1497 BigPumpCobain the Basher (level 8, -2/71 HPs)
             Began as a Minotaur Berserker on Jan 17, 2024.
             Was an Elder of Trog.
             Slain by an orc warrior
             ... wielding a +0 glaive
              (12 damage)
             ... on level 5 of the Dungeon.
             The game lasted 00:05:21 (2906 turns).

BigPumpCobain the Basher (Minotaur Berserker)       Turns: 2906, Time: 00:05:22

Health: -2/71      AC: 10    Str: 23    XL:     8   Next: 51%
Magic:  2/2        EV: 10    Int:  4    God:    Trog [****..]
Gold:   204        SH:  0    Dex: 13    Spells: 7/7 levels left

rFire   . . .        q - +9 flail of Crystal {antimagic, rElec Dex+2}
rCold   . . .        (no shield)
rNeg    . . .        r - +0 chain mail
rPois   .            (helmet restricted)
rElec   +            (no cloak)
rCorr   .            (no gloves)
SInv    .            (no boots)
Will    .....        (no amulet) Stlth
                     e - +4 ring of slaying
HPRegen 0.31/turn    (no ring)
MPRegen 0.08/turn

%: no passive effects
@: on berserk cooldown, slowed, very slow
A: horns 2, retaliatory headbutt
a: Renounce Religion, Berserk, Trog's Hand, Brothers in Arms


You were on level 5 of the Dungeon.
You worshipped Trog.
Trog was greatly pleased with you.
You visited 1 branch of the dungeon, and saw 5 of its levels.
You also visited: Ossuary.

You collected 204 gold pieces.

Inventory:

Hand Weapons
 a - a +0 mace
 q - the +9 flail of Crystal (weapon) {antimagic, rElec Dex+2}
   (You took it off an orc on level 3 of the Dungeon)

   Dex+2:     It affects your dexterity (+2).
   rElec:     It insulates you from electricity.
Missiles
 l - 6 boomerangs (quivered)
Armour
 r - a +0 chain mail (worn)
Jewellery
 e - a +4 ring of slaying (left hand)
Scrolls
 g - 3 scrolls of teleportation {unknown}
 j - 3 scrolls of poison {unknown}
 k - a scroll of fog {unknown}
 m - 4 scrolls of identify {unknown}
 n - 2 scrolls of enchant armour {unknown}
 o - a scroll of torment {unknown}
 p - a scroll of enchant weapon {unknown}
 v - 2 scrolls of amnesia {unknown}
Potions
 b - 2 potions of mutation {unknown}
 c - 2 potions of berserk rage {unknown}
 d - a potion of enlightenment {unknown}
 f - 5 potions of might {unknown}
 h - 2 potions of heal wounds {unknown}
 i - a potion of resistance {unknown}
 s - 4 potions of magic {unknown}
 t - 2 potions of brilliance {unknown}
 u - 2 potions of lignification {unknown}
 w - a potion of curing {unknown}


   Skills:
 + Level 6.4 Fighting
 * Level 8.4 Maces & Flails
 + Level 3.9 Throwing
 + Level 5.6 Armour
 + Level 5.1 Dodging


You had 7 spell levels left.
You didn't know any spells.
Your spell library was empty.

Dungeon Overview and Level Annotations

Branches:
Dungeon (5/15)            Ossuary (visited)
 Temple: D:4-7

Altars:
Nemelex Xobeh

Shops:
D:4 *?


Innate Abilities, Weirdness & Mutations

You have a pair of horns on your head.
You reflexively headbutt those who attack you in melee.


Message History

Something tries to affect you, but you resist.
You closely miss something. You thump something! Something hits you.
You bludgeon something!! Trog accepts your kill.
Trog appreciates your killing of a magic user.
You can now call in reinforcements.
Reactivating autopickup.
You feel a bit more experienced.
You now have 204 gold pieces (gained 9).
l - 6 boomerangs (gained 1)
Items here: )) [[ †.
You start resting.
You feel a strong urge to attack something.
You start resting.
You feel your anger nearly subside.
You are no longer berserk.
You are exhausted.
You feel yourself slow down.
An orc warrior comes into view. It is wielding a +0 glaive.
An orc warrior is nearby!
You throw a boomerang.
The boomerang closely misses the orc warrior.
The orc warrior shouts!
You hear a shout!
An orc priest comes into view. It is wielding a +0 mace.
You throw a boomerang.
The boomerang closely misses the orc warrior.
You throw a boomerang. The boomerang hits the orc warrior.
The orc warrior is lightly wounded.
The orc warrior hits you from afar with a +0 glaive!
Okay, then.
The orc warrior attacks as it pursues you!
The orc warrior hits you from afar with a +0 glaive.
The orc warrior hits you from afar with a +0 glaive!
The orc warrior attacks as it pursues you!
The orc warrior hits you from afar with a +0 glaive!!
* * * LOW HITPOINT WARNING * * *
The orc warrior hits you from afar with a +0 glaive!
* * * LOW HITPOINT WARNING * * *
The orc warrior hits you from afar with a +0 glaive!
You die...

...........
##.....#...#
#.........####.
#..............
#####..............
##...#.............
##...................
#...##)).##.....#...#
#..).@.##.....#...#
###<...o..#.)....#
#..##...#))....#
#...##.o...........
##........#..#.....
#.......##........
............>...<..
.#......##.........
......... #........


You could see an orc warrior and an orc priest.

Vanquished Creatures
  Pikel (D:4)
  2 black bears
  8 water moccasin zombies (Ossuary)
  A burial acolyte (Ossuary)
  A hound (D:4)
  A spectral scorpion (Ossuary)
  2 orc priests (D:5)
  2 iguanas
  An orc wizard (D:5)
  A crocodile zombie (Ossuary)
  3 mummies
  3 adders (D:4)
  2 adder zombies (Ossuary)
  2 ribbon worms
  3 dart slugs
  7 orcs
  9 endoplasms
  A giant cockroach (D:1)
  9 gnoll zombies (Ossuary)
  4 goblins (D:1)
  5 hobgoblins
  2 jackals (D:1)
  2 quokkas
  5 ball pythons
  A bat (D:1)
  3 frilled lizards
  A hobgoblin zombie (D:4)
  3 jackal zombies (Ossuary)
  7 kobolds
  A kobold zombie (D:4)
  4 orc zombies (Ossuary)
  4 rats (D:1)
101 creatures vanquished.

Notes
Turn   | Place    | Note
-------+----------+-------------------------------------------
     0 | D:1      | BigPumpCobain the Minotaur Berserker began the quest for
                  | the Orb.
     0 | D:1      | Reached XP level 1. HP: 19/19 MP: 0/0
   136 | D:1      | Reached XP level 2. HP: 24/27 MP: 1/1
   222 | D:1      | Reached skill level 4 in Maces & Flails
   696 | D:2      | Reached ** piety under Trog
   770 | D:2      | Reached XP level 3. HP: 33/33 MP: 2/2
  1494 | D:3      | Found a sparkling altar of Nemelex Xobeh.
  1820 | D:3      | Found a faded altar of an unknown god.
  1925 | D:3      | Identified the +9 flail of Crystal {antimagic, rElec Dex+2}
  1979 | D:4      | Reached XP level 4. HP: 40/40 MP: 1/3
  2053 | D:4      | Found Amis's CLEARANCE SALE!.
  2056 | D:4      | Found Viel Kyuxo's Magic Scroll Boutique.
  2151 | D:4      | Found a sand-covered staircase.
  2154 | D:4      | Reached skill level 1 in Throwing
  2157 | Ossuary  | Entered an ossuary
  2178 | Ossuary  | Reached skill level 5 in Maces & Flails
  2178 | Ossuary  | Reached XP level 5. HP: 47/47 MP: 1/4
  2188 | Ossuary  | Reached XP level 6. HP: 48/53 MP: 1/5
  2220 | Ossuary  | Reached *** piety under Trog
  2243 | Ossuary  | Reached skill level 5 in Fighting
  2243 | Ossuary  | Reached skill level 6 in Maces & Flails
  2276 | Ossuary  | Reached XP level 7. HP: 60/61 MP: 2/6
  2500 | D:4      | Noticed Pikel
  2506 | D:4      | Reached skill level 7 in Maces & Flails
  2508 | D:4      | Killed Pikel
  2509 | D:4      | Reached skill level 5 in Armour
  2509 | D:4      | Reached XP level 8. HP: 70/70 MP: 2/7
  2526 | D:4      | Reached skill level 8 in Maces & Flails
  2835 | D:5      | Entered Level 5 of the Dungeon
  2853 | D:5      | Reached skill level 5 in Dodging
  2880 | D:5      | Reached **** piety under Trog
  2906 | D:5      | Slain by an orc warrior

Illustrated notes

Levels and vault maps discovered:
D:1:      evilmike_arrival_rings, layout_rooms
D:2:      layout_basic, serial_bayou_pond_d
D:3:      layout_basic, lemuel_doored_altar,
          hellmonk_ecumenical_altar_inner_sanctum
D:4:      layout_basic, serial_shops, shop, serial_curves, eino_curves_03,
          eino_curves_01, nicolae_ossuary_entry_giza, nicolae_shop_clearance,
          uniq_pikel
D:5:      layout_cave_pools, grunt_dithmenos_smoke_and_mirrors

Skill      XL: |  1  2  3  4  5  6  7  8 |
---------------+-------------------------+-----
Maces & Flails | 4 5 6 7 8 |  8.4
Fighting       | 4 5 6 |  6.4
Armour         | 3 4 5 |  5.6
Throwing       | 1 2 3 |  3.9
Dodging        | 3 4 5 |  5.1

Action                     |  1- 3 |  4- 6 |  7- 9 || total
---------------------------+-------+-------+-------++-------
  Melee: Mace              |    41 |       |       ||    41
         Headbutt          |     6 |     9 |     6 ||    21
         Punch             |     1 |       |     1 ||     2
         Flail             |     1 |    61 |    56 ||   118
  Throw: Boomerang         |    30 |     4 |    26 ||    60
 Invoke: Berserk           |       |       |     3 ||     3
 Armour: Animal skin       |    20 |       |       ||    20
         Ring mail         |     3 |       |       ||     3
         Chain mail        |       |    30 |    56 ||    86
  Dodge: Dodged            |    15 |    16 |    25 ||    56

Table legend: (Time is in decaauts)
 A = Elapsed time spent in this place.
 B = Non-inter-level travel time spent in this place.
 C = Inter-level travel time spent in this place.
 D = Time resting spent in this place.
 E = Time spent auto-exploring this place.
 F = Levels seen in this place.
 G = Mean time per level.
                   A        B        C        D        E       F      G
               +--------+--------+--------+--------+--------+-----+--------+
         Total |   2966 |   2755 |    211 |     52 |   2181 |   6 |  494.3 |
       Dungeon |   2622 |   2411 |    211 |      1 |   1994 |   5 |  524.4 |
       Ossuary |    344 |    344 |      0 |     50 |    187 |   1 |  344.0 |
               +--------+--------+--------+--------+--------+-----+--------+

Top non-repeatable levels by time:
     D:1: 675 daAuts
     D:3: 674 daAuts
     D:2: 642 daAuts
     D:4: 552 daAuts
 Ossuary: 344 daAuts
     D:5: 77 daAuts
